 Dungeon Crawl Stone Soup version 0.30.1-4-g462c640d31 (webtiles) character file.

Game seed: 14619469612568971040

2018 spardeous the Destroyer (level 8, -5/57 HPs)
             Began as a Demigod Conjurer on Aug 21, 2023.
             Killed from afar by Maggie (22 damage)
             ... with a bolt of fire
             ... on level 7 of the Dungeon.
             The game lasted 00:07:41 (8552 turns).

spardeous the Destroyer (Demigod Conjurer)          Turns: 8552, Time: 00:07:41

Health: -5/57      AC:  9    Str: 22    XL:     8   Next: 72%
Magic:  14/14      EV: 11    Int: 20    God:
Gold:   384        SH:  0    Dex: 12    Spells: 4/11 levels left

rFire   . . .        A - +4 whip
rCold   . . .        (no shield)
rNeg    + . .        q - +2 ring mail {rPois}
rPois   +            o - +0 helmet
rElec   .            (no cloak)
rCorr   .            (no gloves)
SInv    .            k - +0 pair of boots
Will    .....        (no amulet)
Stlth   +            l - +6 ring of strength
HPRegen 0.29/turn    a - ring of positive energy
MPRegen 0.14/turn

%: no passive effects
@: mesmerised
A: high MP 1, forlorn, divine attributes
a: no special abilities


You were on level 7 of the Dungeon.
You visited 1 branch of the dungeon, and saw 7 of its levels.

You collected 384 gold pieces.

Inventory:

Hand Weapons
 i - a +2 heavy spear
 A - a +4 whip (weapon)
Armour
 k - a +0 pair of boots (worn)
 o - a +0 helmet (worn)
 q - a +2 ring mail of poison resistance (worn)
 F - +0 steam dragon scales
Jewellery
 a - a ring of positive energy (right hand)
 c - a ring of fire
 l - a +6 ring of strength (left hand)
Wands
 y - a wand of charming (6)
 H - a wand of polymorph (15)
 J - a wand of roots (8)
Scrolls
 d - 3 scrolls of enchant armour {unknown}
 f - 4 scrolls of identify {unknown}
 h - 4 scrolls of poison {unknown}
 m - a scroll of immolation {unknown}
 r - 2 scrolls of fog {unknown}
 s - a scroll of torment {unknown}
 u - a scroll of teleportation {unknown}
 w - a scroll of magic mapping {unknown}
 z - a scroll of amnesia {unknown}
 D - a scroll of fear {unknown}
 G - a scroll of silence {unknown}
Potions
 e - a potion of ambrosia {unknown}
 g - 2 potions of brilliance {unknown}
 j - 6 potions of curing
 n - a potion of haste {unknown}
 p - 3 potions of might {unknown}
 t - a potion of cancellation {unknown}
 v - a potion of mutation {unknown}
 x - a potion of flight {unknown}
 B - 2 potions of resistance {unknown}
 C - a potion of berserk rage {unknown}
 E - a potion of heal wounds
 I - a potion of degeneration {unknown}
 K - a potion of attraction {unknown}


   Skills:
 - Level 1.7 Dodging
 - Level 1.7 Stealth
 + Level 2.4 Spellcasting
 - Level 10.2 Conjurations
 - Level 4.7 Translocations


You had 4 spell levels left.
You knew the following spells:

 Your Spells              Type           Power      Damage    Failure   Level
a - Magic Dart            Conj           100%       1d8       1%          1
b - Searing Ray           Conj           86%        2d7       1%          2
c - Iskenderun's Mystic   Conj/Tloc      32%        2d8       12%         4

Your spell library contained the following spells:

 Spells                   Type           Power      Damage    Failure   Level
 Momentum Strike          Conj/Tloc      64%        3d9       1%          2
 Foxfire                  Conj/Fire      88%        2x1d8     3%          1
 Blink                    Tloc           42%        N/A       5%          2
 Lesser Beckoning         Tloc           42%        N/A       5%          2
 Dazzling Flash           Conj/Hex       44%        N/A       9%          3
 Fulminant Prism          Conj/Hex       11%        3d8       30%         4
 Passage of Golubria      Tloc           21%        N/A       34%         4
 Tukima's Dance           Hex            2%         N/A       58%         3
 Olgreb's Toxic Radiance  Pois           2%         N/A       94%         4
 Fireball                 Conj/Fire      11%        3d7       63%         5
 Starburst                Conj/Fire      11%        6d5       99%         6
 Yara's Violent Unravell  Hex/Tmut       1%         3d3       100%        5
 Plasma Beam              Fire/Air       1%         2x1d12    100%        6
 Discord                  Hex            1%         N/A       100%        8
 Ignition                 Fire           1%         3d3       100%        8


Dungeon Overview and Level Annotations

Branches:
Dungeon (7/15)             Temple (0/1) D:7

Annotations:
D:7 Maggie


Innate Abilities, Weirdness & Mutations

You have an increased reservoir of magic. (+10% MP)
You shall have no god before yourself.
Your divine heritage dramatically boosts your attributes as you level up.


Message History

Maggie is knocked back by the mystic blast.
You now have 3/14 mp.
Unknown command.
Okay, then.
Okay, then.
Maggie points at you and mumbles some strange words.
The bolt of fire hits you!
You take 11 damage, and have 46/57 hp.
Maggie hits you with a +0 broad axe of flaming.
Maggie burns you.
You take 3 damage, and have 43/57 hp.
You barely miss Maggie.
Maggie is heavily wounded.
Maggie casts a spell.
Maggie draws you further into her thrall.
You hit Maggie.
Maggie is severely wounded.
Maggie hits you with a +0 broad axe of flaming!
Maggie burns you.
You take 17 damage, and have 27/57 hp.
MASSIVE DAMAGE!!
Unknown command.
You hit Maggie.
Maggie is severely wounded.
Maggie misses you.
Casting: Iskenderun's Mystic Blast (dangerous; 12% risk of failure)
Confirm with . or Enter, or press ? or * to list all spells.
You don't have enough magic to cast this spell.
You hit Maggie but do no damage.
Maggie is severely wounded.
Maggie hits you with a +0 broad axe of flaming!
* * * LOW HITPOINT WARNING * * *
Maggie burns you.
* * * LOW HITPOINT WARNING * * *
Maggie gestures wildly while chanting.
Maggie draws you further into her thrall.
You take 10 damage, and have 17/57 hp.
Magic courses through your body. Maggie gestures at you while chanting.
The bolt of fire hits you!!
You die...

##########
#........#
#........#
########........# #
...............+
.................#
..#.##......@......
#.#.[......@......#
....#............#
## #
#.#.#....####.##..
...#.#.#......# #
............$#
#.>.#.##..###
#...#....#......
#....#.#.#####
#.#.##.#.#.#


You could see Maggie (mesmerising).

Vanquished Creatures
  2 steam dragons (D:5)
  An ice beast (D:6)
  A black bear (D:4)
  4 ogres
  2 kobold brigands (D:4)
  3 scorpions
  2 howler monkeys
  2 electric eels (D:6)
  4 hounds
  A jelly (D:6)
  2 orc priests (D:7)
  2 gnoll boudas
  2 sleepcaps (D:6)
  2 iguanas
  2 orc wizards
  7 adders
  13 gnolls
  A shadow imp (D:7)
  2 white imps
  An ufetubus (D:6)
  A worm (D:2)
  4 dart slugs
  28 orcs
  9 ball pythons
  7 endoplasms
  2 giant cockroaches
  9 goblins
  4 hobgoblins
  7 jackals
  3 quokkas
  6 bats
  2 frilled lizards (D:3)
  11 kobolds
  6 rats
155 creatures vanquished.

Notes
Turn   | Place    | Note
-------+----------+-------------------------------------------
     0 | D:1      | spardeous the Demigod Conjurer began the quest for the Orb.
     0 | D:1      | Reached XP level 1. HP: 14/14 MP: 5/5
   107 | D:1      | Reached skill level 4 in Conjurations
   262 | D:1      | Reached XP level 2. HP: 20/20 MP: 5/7
   550 | D:1      | Learned a level 2 spell: Searing Ray
  1609 | D:1      | Reached XP level 3. HP: 26/26 MP: 5/8
  2395 | D:2      | Reached skill level 5 in Conjurations
  2616 | D:2      | Reached XP level 4. HP: 33/33 MP: 6/9
  4110 | D:4      | Reached skill level 6 in Conjurations
  4110 | D:4      | Reached XP level 5. HP: 38/38 MP: 1/10
  4427 | D:4      | Noticed an ogre
  4525 | D:4      | Killed an ogre
  4634 | D:4      | Reached XP level 6. HP: 44/45 MP: 3/11
  4636 | D:4      | Reached skill level 7 in Conjurations
  5410 | D:4      | Reached skill level 8 in Conjurations
  5447 | D:4      | Reached XP level 7. HP: 9/39 MP: 0/12
  5771 | D:5      | Entered Level 5 of the Dungeon
  6181 | D:5      | Reached skill level 9 in Conjurations
  6683 | D:5      | Noticed a steam dragon
  6691 | D:5      | Killed a steam dragon
  6856 | D:5      | Noticed a steam dragon
  6871 | D:5      | Killed a steam dragon
  6872 | D:5      | Reached XP level 8. HP: 25/57 MP: 4/13
  7067 | D:5      | Learned a level 4 spell: Iskenderun's Mystic Blast
  7162 | D:6      | Reached skill level 10 in Conjurations
  7359 | D:6      | Reached skill level 1 in Translocations
  8524 | D:7      | Found a staircase to the Ecumenical Temple.
  8535 | D:7      | Noticed Maggie
  8552 | D:7      | Killed from afar by Maggie

Illustrated notes

Levels and vault maps discovered:
D:1:      dpeg_arrival_tiny_c, layout_basic, minmay_tall_x
D:2:      layout_basic, basic_ecumenical_altar
D:3:      layout_basic, tgw_xom
D:4:      cheibrodos_thug_alley, layout_loops_corners, dreamdust_wishing_well
D:5:      layout_gridville, mainiacjoe_overflow_six_doors_small,
          mainiacjoe_overflow_brackets
D:6:      layout_gridville, serial_bayou, serial_bayou_pond_b,
          serial_bayou_shore_b, serial_bayou_lagoon_a, serial_bayou_pond_d
D:7:      layout_basic, nicolae_gozag_seed_capital, minmay_temple_entry_ruins,
          uniq_maggie

Skill      XL: |  1  2  3  4  5  6  7  8 |
---------------+-------------------------+-----
Conjurations   | 4 5 6 8 9 10 | 10.2
Translocations | 4 |  4.7
Spellcasting   | 2 |  2.4
Dodging        | |  1.7
Stealth        | |  1.7

Action                     |  1- 3 |  4- 6 |  7- 9 || total
---------------------------+-------+-------+-------++-------
  Melee: Unarmed           |    37 |       |       ||    37
         Spear             |     7 |    25 |    13 ||    45
         Whip              |       |       |    45 ||    45
   Cast: Magic Dart        |   109 |   104 |    72 ||   285
         Searing Ray       |       |    11 |    26 ||    37
         Iskenderun's Myst |       |       |     1 ||     1
    Use: Potion            |       |     1 |     1 ||     2
 Armour: Robe              |    11 |       |       ||    11
         Leather armour    |     6 |       |       ||     6
         Ring mail         |       |    20 |    46 ||    66
  Dodge: Dodged            |    52 |    48 |    59 ||   159
